 Dungeon Crawl Stone Soup version 0.30.1-4-g462c640d31 (webtiles) character file.

Game seed: 7686478666895056248

2496 Mune the Cleaver (level 9, 0/71 HPs)
             Began as a Minotaur Berserker on Aug 12, 2023.
             Was a Believer of Trog.
             Succumbed to a hornet's poison
             ... while paralysed by a hornet
             ... on level 7 of the Dungeon.
             The game lasted 00:10:20 (5259 turns).

Mune the Cleaver (Minotaur Berserker)               Turns: 5259, Time: 00:10:20

Health: 0/71       AC: 19    Str: 26    XL:     9   Next: 28%
Magic:  8/8        EV:  2    Int:  4    God:    Trog [**....]
Gold:   345        SH:  0    Dex: 10    Spells: 8/8 levels left

rFire   + . .        y - +0 war axe
rCold   x . .        (no shield)
rNeg    . . .        n - +0 shadow dragon scales
rPois   .            (helmet restricted)
rElec   .            (no cloak)
rCorr   .            c - +0 pair of gloves
SInv    .            A - +0 pair of boots
Will    .....        (no amulet)
Stlth   ++           o - ring of fire
HPRegen 0.31/turn    (no ring)
MPRegen 0.11/turn

%: no passive effects
@: paralysed, lethally poisoned (0 -> -8), on berserk cooldown, slowed
A: horns 2, retaliatory headbutt
a: Renounce Religion, Berserk, Trog's Hand


You were on level 7 of the Dungeon.
You worshipped Trog.
Trog was pleased with you.
You visited 1 branch of the dungeon, and saw 7 of its levels.

You collected 345 gold pieces.

Inventory:

Hand Weapons
 y - a +0 war axe (weapon)
Armour
 c - a +0 pair of gloves (worn)
 n - +0 shadow dragon scales (worn)
 A - a +0 pair of boots (worn)
Jewellery
 o - a ring of fire (left hand)
Wands
 u - a wand of roots (10)
 x - a wand of paralysis (8)
Scrolls
 d - 8 scrolls of identify {unknown}
 g - a scroll of magic mapping {unknown}
 i - 2 scrolls of fog {unknown}
 j - 2 scrolls of torment {unknown}
 k - 2 scrolls of teleportation {unknown}
 l - 2 scrolls of immolation {unknown}
 m - a scroll of enchant weapon {unknown}
 s - 3 scrolls of noise {unknown}
 t - 2 scrolls of vulnerability {unknown}
 v - a scroll of silence {unknown}
Potions
 a - a potion of heal wounds {unknown}
 b - 2 potions of mutation {unknown}
 e - 3 potions of magic {unknown}
 f - 2 potions of degeneration {unknown}
 h - 2 potions of curing {unknown}
 p - 2 potions of flight {unknown}
 q - 2 potions of brilliance {unknown}
 r - 3 potions of lignification {unknown}
 w - a potion of invisibility {unknown}
 z - a potion of resistance {unknown}


   Skills:
 - Level 3.8 Fighting
 + Level 11.1 Axes
 + Level 10.8 Armour
 - Level 2.4 Dodging


You had 8 spell levels left.
You didn't know any spells.
Your spell library was empty.

Dungeon Overview and Level Annotations

Branches:
Dungeon (6/15)             Temple (0/1) D:4

Altars:
Cheibriados
Elyvilon
Hepliaklqana
Nemelex Xobeh
Ru

Shops:
D:4 [


Innate Abilities, Weirdness & Mutations

You have a pair of horns on your head.
You reflexively headbutt those who attack you in melee.


Message History

Maggie gestures wildly while chanting.
The hornet stings you!
* * * LOW HITPOINT WARNING * * *
You are more poisoned.
You feel as though you will be slow longer.
You closely miss Maggie. You headbutt Maggie!
Maggie is almost dead.
You hit the hornet.
You feel very sick. Maggie barely misses you.
The hornet stings you but does no damage.
You slash Maggie!
Maggie is almost dead.
You closely miss the hornet.
Your skin stops crawling.
You feel less strong-willed.
* * * LOW HITPOINT WARNING * * *
You feel very sick.
The hornet stings you but does no damage.
Maggie closely misses you. You furiously retaliate!
You headbutt Maggie!
You kill Maggie!
Trog accepts your kill.
Trog appreciates your killing of a magic user.
The hornet closely misses you.
Your Axes skill increases to level 11!
You closely miss the hornet. Your headbutt misses the hornet.
The hornet is severely wounded.
* * * LOW HITPOINT WARNING * * *
You feel very sick. The hornet stings you.
* * * LOW HITPOINT WARNING * * *
You suddenly lose the ability to move!
You are no longer berserk.
You feel as though you will be slow longer.
* * * LOW HITPOINT WARNING * * *
You feel very sick.
The hornet stings you but does no damage.
* * * LOW HITPOINT WARNING * * *
You feel sick.
The hornet stings you but does no damage. x2
You die...

########## #.≈.≈≈≈≈≈
#........# #.≈......
#.######.###.≈.≈.!.≈
#.#...≈.≈._.≈
#.#...≈.≈...≈
#.#...≈......
#.#...y.≈≈≈≈≈
#.#..@.......
#.#...)#.###.
#........#
#..####### #..#
#..###
##########....#
#...........#.#
#[###########.#


You could see a hornet.

Vanquished Creatures
  Pikel (D:6)
  A gargoyle (D:6)
  Maggie (D:7)
  A water moccasin (D:6)
  Duvessa (D:6)
  A black bear (D:4)
  An ice beast (D:6)
  2 ogres
  A phantom (D:5)
  A kobold brigand (D:6)
  2 scorpions
  Dowan (D:6)
  2 howler monkeys (D:4)
  4 hounds
  A jelly (D:7)
  2 iguanas
  A sleepcap (D:6)
  3 orc wizards
  3 gnolls (D:2)
  13 adders
  A shadow imp (D:5)
  A white imp (D:5)
  2 worms
  3 dart slugs
  11 orcs
  4 ball pythons
  8 endoplasms
  3 giant cockroaches
  5 hobgoblins
  7 jackals
  10 kobolds
  A quokka (D:5)
  3 bats
  5 goblins
  2 rats
109 creatures vanquished.

Vanquished Creatures (others)
  An endoplasm (D:4)
1 creature vanquished.

Grand Total: 110 creatures vanquished

Notes
Turn   | Place    | Note
-------+----------+-------------------------------------------
     0 | D:1      | Mune the Minotaur Berserker began the quest for the Orb.
     0 | D:1      | Reached XP level 1. HP: 19/19 MP: 0/0
   244 | D:1      | Reached XP level 2. HP: 23/27 MP: 1/1
   574 | D:1      | Reached skill level 4 in Axes
   817 | D:2      | Reached XP level 3. HP: 33/33 MP: 2/2
   888 | D:2      | Reached ** piety under Trog
  1343 | D:2      | Reached XP level 4. HP: 28/40 MP: 3/3
  1440 | D:2      | Reached skill level 5 in Axes
  2072 | D:3      | Found a white marble altar of Elyvilon.
  2743 | D:4      | Found a staircase to the Ecumenical Temple.
  2858 | D:4      | Found Veazeg's Antique Armour Emporium.
  2953 | D:4      | Reached XP level 5. HP: 45/46 MP: 4/4
  3073 | D:4      | Noticed an ogre
  3079 | D:4      | Killed an ogre
  3080 | D:4      | Reached skill level 6 in Axes
  3080 | D:4      | Reached skill level 5 in Armour
  3112 | D:4      | Noticed a black bear
  3116 | D:4      | Killed a black bear
  3117 | D:4      | Reached XP level 6. HP: 52/52 MP: 5/5
  3485 | D:5      | Entered Level 5 of the Dungeon
  3700 | D:5      | Reached skill level 7 in Axes
  3700 | D:5      | Reached XP level 7. HP: 58/58 MP: 6/6
  3710 | D:5      | Found a sparkling altar of Nemelex Xobeh.
  4190 | D:5      | Reached skill level 8 in Axes
  4405 | D:6      | Noticed Duvessa
  4407 | D:6      | Noticed Dowan
  4410 | D:6      | Noticed Pikel
  4413 | D:6      | Killed Dowan
  4418 | D:6      | Killed Duvessa
  4421 | D:6      | Killed Pikel
  4422 | D:6      | Reached skill level 9 in Axes
  4422 | D:6      | Reached XP level 8. HP: 66/66 MP: 7/7
  4428 | D:6      | Noticed a gargoyle
  4482 | D:6      | Killed a gargoyle
  4483 | D:6      | Reached skill level 10 in Axes
  4483 | D:6      | Reached skill level 10 in Armour
  4602 | D:6      | Found a snail-covered altar of Cheibriados.
  4664 | D:6      | Reached XP level 9. HP: 62/71 MP: 8/8
  4858 | D:6      | Found a hazy altar of Hepliaklqana.
  5184 | D:6      | You fall into a shaft and drop 1 floor!
  5241 | D:7      | Noticed Maggie
  5242 | D:7      | Found a sacrificial altar of Ru.
  5249 | D:7      | Paralysed by a hornet for 2 turns
  5255 | D:7      | Killed Maggie
  5256 | D:7      | Reached skill level 11 in Axes
  5256 | D:7      | Paralysed by a hornet for 3 turns
  5257 | D:7      | HP: 3/71 [poisoned by a hornet]
  5259 | D:7      | Succumbed to a hornet's poison

Illustrated notes

Levels and vault maps discovered:
D:1:      co_arrival_random_square_maze, layout_basic
D:2:      layout_loops_cross
D:3:      layout_loops_cross, mainiacjoe_overflow_tiny_flanked
D:4:      layout_loops_corners, minmay_temple_entry_sparse_star, serial_shops,
          nicolae_shop_pleasant_corner_grove,
          hangedman_abyss_or_decor_lesser_grid, minmay_tree_intersection,
          lemuel_flame_loot_1
D:5:      layout_loops_ring, nemelex_dance_club_becter, grunt_decor_cap,
          minivault_5
D:6:      layout_loops_ring, nicolae_hepliaklqana_hazy_memory,
          mainiacjoe_overflow_brackets, minmay_fountain_box,
          hangedman_abyss_or_decor_stabs, uniq_pikel, uniq_duvessa
D:7:      layout_basic, mainiacjoe_overflow_cross_hatched,
          nicolae_qazlal_beasts_of_the_sky, serial_park_tiny_2, uniq_maggie

Skill      XL: |  1  2  3  4  5  6  7  8  9 |
---------------+----------------------------+-----
Axes           | 4 5 6 7 9 10 11 | 11.1
Armour         | 3 4 5 6 9 10 | 10.8
Fighting       | |  3.8
Dodging        | |  2.4

Action                     |  1- 3 |  4- 6 |  7- 9 || total
---------------------------+-------+-------+-------++-------
  Melee: Hand axe          |    75 |    80 |    58 ||   213
         Headbutt          |    10 |    12 |    27 ||    49
         Punch             |     1 |     1 |     1 ||     3
         War axe           |       |       |    84 ||    84
 Invoke: Berserk           |       |     2 |     3 ||     5
         Trog's Hand       |       |     1 |    12 ||    13
   Stab: Sleeping          |       |     4 |     6 ||    10
 Armour: Animal skin       |    19 |       |       ||    19
         Ring mail         |    12 |    11 |       ||    23
         Shadow dragon sca |       |    23 |   113 ||   136
  Dodge: Dodged            |    58 |    33 |    75 ||   166
